 Dungeon Crawl Stone Soup version 0.31-a0-949-g57150269e1 (webtiles) character file.

Game seed: 16832035160882206137

773 rvierbuc the Cudgeller (level 7, 0/71 HPs)
             Began as a Troll Berserker on Oct 22, 2023.
             Was a Believer of Trog.
             Slain by a gnoll sergeant
             ... wielding a +0 trident
              (8 damage)
             ... on level 6 of the Dungeon.
             The game lasted 00:14:42 (4263 turns).

rvierbuc the Cudgeller (Troll Berserker)            Turns: 4263, Time: 00:14:42

Health: 0/71       AC:  5    Str: 28    XL:     7   Next: 53%
Magic:  6/6        EV:  9    Int:  3    God:    Trog [**....]
Gold:   264        SH:  6    Dex:  9    Spells: 6/6 levels left

rFire   . . .        A - +0 flail
rCold   . . .        r - +0 kite shield
rNeg    . . .        b - +0 animal skin
rPois   .            (helmet restricted)
rElec   .            t - +0 cloak
rCorr   .            (gloves unavailable)
SInv    .            (boots unavailable)
Will    .....        (no amulet)
Stlth   +            (no ring)
HPRegen 1.11/turn    (no ring)
MPRegen 0.10/turn

%: no passive effects
@: on berserk cooldown, slowed, very slow
A: large, unfitting armour, claws 3, regeneration 1, shaggy fur 1, tough skin 1
a: Renounce Religion, Berserk, Trog's Hand


You were on level 6 of the Dungeon.
You worshipped Trog.
Trog was pleased with you.
You visited 1 branch of the dungeon, and saw 6 of its levels.

You collected 264 gold pieces.

Inventory:

Hand Weapons
 a - a +0 mace
 c - a +2 dagger of draining
 v - a +2 whip of draining
 A - a +0 flail (weapon)
Missiles
 j - 14 poisoned darts (quivered)
Armour
 b - a +0 animal skin (worn)
 p - a +0 pair of gloves
 r - a +0 kite shield (worn)
 t - a +0 cloak (worn)
 u - the +2 robe "Tulihosh" {*Corrode +Blink rN+ Will+}
   (You found it on level 3 of the Dungeon)

   rN+:       It protects you from negative energy.
   Will+:     It increases your willpower.
   +Blink:    It lets you blink.
   *Corrode:  It may corrode you when you take damage.
Jewellery
 o - an amulet of magic regeneration
Scrolls
 d - 2 scrolls of amnesia {unknown}
 f - 2 scrolls of identify
 h - a scroll of blinking {unknown}
 l - a scroll of immolation {unknown}
 m - 5 scrolls of teleportation {unknown}
 s - 2 scrolls of noise {unknown}
 w - a scroll of poison {unknown}
 x - a scroll of fog {unknown}
 y - a scroll of torment {unknown}
Potions
 e - a potion of brilliance
 g - a potion of cancellation
 i - a potion of degeneration
 k - a potion of berserk rage
 n - 2 potions of lignification {unknown}
 q - a potion of heal wounds {unknown}
 z - 3 potions of curing {unknown}


   Skills:
 + Level 4.7 Fighting
 + Level 5.1 Maces & Flails
 + Level 4.6 Dodging


You had 6 spell levels left.
You didn't know any spells.
Your spell library was empty.

Dungeon Overview and Level Annotations

Branches:
Dungeon (6/15)             Temple (0/1) D:5

Altars:
Fedhas
Uskayaw
Xom
Zin

Shops:
D:1 [   D:3 [   D:4 *

Annotations:
D:3 3 runed translucent doors, avis's ghost, amateur FeAr
D:5 2 transporters, Sundig's ghost, novice DgFi


Innate Abilities, Weirdness & Mutations

You are too large for most types of armour.
You have claws for hands.
Your natural rate of healing is unusually fast.
You are covered in fur. (AC +1)
You have tough skin. (AC +1)


Message History

The gnoll sergeant blocks your attack.
The gnoll sergeant is moderately wounded.
The gnoll sergeant hits you but does no damage.
The gnoll sergeant blocks your attack.
The gnoll sergeant is moderately wounded.
The gnoll sergeant hits you with a +0 trident.
You hit the gnoll sergeant.
The gnoll sergeant is heavily wounded.
You block the gnoll sergeant's attack.
You hit the gnoll sergeant.
The gnoll sergeant is severely wounded.
The gnoll sergeant hits you with a +0 trident.
* * * LOW HITPOINT WARNING * * *
The gnoll sergeant blocks your attack.
The gnoll sergeant is severely wounded.
The gnoll sergeant blocks your attack.
The gnoll sergeant is severely wounded.
The gnoll sergeant hits you with a +0 trident!
* * * LOW HITPOINT WARNING * * *
The gnoll sergeant blocks your attack.
The gnoll sergeant is severely wounded.
You are no longer berserk.
You are exhausted.
You feel yourself slow down.
The gnoll sergeant completely misses you.
You hit the gnoll sergeant but do no damage.
The gnoll sergeant is severely wounded.
The gnoll sergeant hits you with a +0 trident.
* * * LOW HITPOINT WARNING * * *
The gnoll sergeant hits you with a +0 trident.
* * * LOW HITPOINT WARNING * * *
You completely miss the gnoll sergeant.
The gnoll sergeant is severely wounded.
The gnoll sergeant closely misses you. The gnoll sergeant barely misses you.
You hit the gnoll sergeant but do no damage.
The gnoll sergeant is severely wounded.
The gnoll sergeant hits you with a +0 trident.
* * * LOW HITPOINT WARNING * * *
The gnoll sergeant hits you with a +0 trident!
You die...

#######################
...gggg@..?...........#
#####################.#
#.# #.# #.# #.# #.# #.#
#.#


You could see a gnoll sergeant and 3 gnolls.

Vanquished Creatures
  2 black bears
  A phantom (D:6)
  A howler monkey (D:5)
  A hound (D:6)
  A jelly (D:5)
  2 orc priests (D:3)
  Crazy Yiuf (D:2)
  Jessica (D:2)
  Natasha (twice) (D:2)
  4 iguanas (D:5)
  An orc wizard (D:3)
  A gnoll (D:6)
  2 adders
  2 white imps (D:5)
  2 worms
  2 dart slugs
  6 orcs (D:3)
  4 endoplasms
  2 giant cockroaches
  7 goblins
  7 hobgoblins
  7 jackals
  7 kobolds
  4 quokkas
  6 ball pythons
  11 bats
  3 frilled lizards
  2 rats (D:1)
92 creatures vanquished.

Notes
Turn   | Place    | Note
-------+----------+-------------------------------------------
     0 | D:1      | rvierbuc the Troll Berserker began the quest for the Orb.
     0 | D:1      | Reached XP level 1. HP: 22/22 MP: 0/0
    89 | D:1      | Reached XP level 2. HP: 27/28 MP: 1/1
   167 | D:1      | Found Fuoceywn's Antique Armour Shoppe.
   182 | D:1      | Reached skill level 3 in Maces & Flails
   625 | D:1      | Reached ** piety under Trog
   631 | D:1      | Reached XP level 3. HP: 36/36 MP: 2/2
   936 | D:2      | Noticed a black bear
   942 | D:2      | Killed a black bear
   943 | D:2      | Reached XP level 4. HP: 45/45 MP: 3/3
  1059 | D:2      | Reached XP level 5. HP: 53/53 MP: 4/4
  1180 | D:2      | Noticed Jessica
  1193 | D:2      | Killed Jessica
  1229 | D:2      | Noticed Natasha
  1241 | D:2      | Killed Natasha
  1604 | D:2      | Noticed Natasha
  1611 | D:2      | Killed Natasha
  1612 | D:2      | Reached skill level 4 in Maces & Flails
  1650 | D:2      | Found a runed translucent door.
  1651 | D:2      | Noticed Crazy Yiuf
  1658 | D:2      | Killed Crazy Yiuf
  1702 | D:3      | Identified the of Lehyal
  1708 | D:3      | Reached XP level 6. HP: 44/62 MP: 5/5
  1842 | D:3      | Identified the +2 robe "Tulihosh" {*Corrode +Blink rN+
                  | Will+}
  1860 | D:3      | Found a runed translucent gate.
  1860 | D:3      | Found a runed translucent gate.
  1860 | D:3      | Found a runed translucent gate.
  1862 | D:3      | Noticed avis's ghost (amateur FeAr)
  2304 | D:3      | Found Fulelyti's Antique Armour Shoppe.
  2644 | D:4      | Found Barchu Hixtu's General Store.
  2786 | D:4      | Noticed a +0 dagger
  2787 | D:4      | Found a hide-covered altar of Uskayaw.
  2788 | D:4      | Noticed a +0 dagger
  3178 | D:5      | Entered Level 5 of the Dungeon
  3236 | D:5      | Reached *** piety under Trog
  3372 | D:5      | Reached XP level 7. HP: 71/71 MP: 6/6
  3539 | D:5      | Found a staircase to the Ecumenical Temple.
  3577 | D:5      | Found a transporter.
  3577 | D:5      | Noticed Sundig's ghost (novice DgFi)
  3648 | D:5      | Found a transporter.
  3677 | D:5      | Found a glowing silver altar of Zin.
  3678 | D:5      | Noticed an angel
  3681 | D:5      | Found a shimmering altar of Xom.
  3864 | D:5      | Found a blossoming altar of Fedhas.
  4052 | D:6      | Reached skill level 5 in Maces & Flails
  4263 | D:6      | Slain by a gnoll sergeant

Illustrated notes

Levels and vault maps discovered:
D:1:      eino_arrival_water_star, layout_basic, serial_shops,
          nicolae_shop_competitors_out_of_business, minmay_indecisive_spiral
D:2:      cheibrodos_old_hovel, layout_basic, kennysheep_pointless_box,
          uniq_crazy_yiuf_cottage, uniq_natasha, uniq_jessica
D:3:      layout_basic, gammafunk_ghost_nasty_kobolds, serial_shops, shop,
          dk_noncrumbling_4
D:4:      layout_rooms, dancing_weapons_uskayaw, serial_shops,
          nicolae_shop_temple_entry_statues_fountains,
          nicolae_twisty_statue_hallways
D:5:      layout_loops_ring, grunt_temple_overflow_order_and_chaos_1,
          fedhas_altar_3, temple_pool_b, gammafunk_ghost_arena
D:6:      layout_basic, gammafunk_temple_overflow_statue

Skill      XL: |  1  2  3  4  5  6  7 |
---------------+----------------------+-----
Maces & Flails | 3 4 5 |  5.1
Fighting       | 3 4 |  4.7
Dodging        | 3 4 |  4.6

Action                     |  1- 3 |  4- 6 |  7- 9 || total
---------------------------+-------+-------+-------++-------
  Melee: Mace              |   115 |   164 |    43 ||   322
         Flail             |       |       |    50 ||    50
 Invoke: Berserk           |     1 |     5 |     1 ||     7
    Use: Scroll            |       |     4 |       ||     4
   Stab: Distracted        |     1 |       |       ||     1
         Sleeping          |       |     1 |       ||     1
 Armour: Animal skin       |   104 |   140 |    68 ||   312
  Dodge: Dodged            |    85 |   103 |    27 ||   215
  Block: Kite shield       |       |    50 |    21 ||    71

Table legend: (Time is in decaauts)
 A = Elapsed time spent in this place.
 B = Non-inter-level travel time spent in this place.
 C = Inter-level travel time spent in this place.
 D = Time resting spent in this place.
 E = Time spent auto-exploring this place.
 F = Levels seen in this place.
 G = Mean time per level.
                   A        B        C        D        E       F      G
               +--------+--------+--------+--------+--------+-----+--------+
         Total |   4416 |   4179 |    237 |    371 |   2894 |   6 |  736.0 |
       Dungeon |   4416 |   4179 |    237 |    371 |   2894 |   6 |  736.0 |
               +--------+--------+--------+--------+--------+-----+--------+

Top non-repeatable levels by time:
     D:3: 965 daAuts
     D:1: 897 daAuts
     D:5: 890 daAuts
     D:2: 885 daAuts
     D:4: 542 daAuts
     D:6: 236 daAuts
